 Dungeon Crawl Stone Soup version 0.22.0-2-ge58baed0e8 (webtiles) character file.

404898 Faustar the Sculptor of Flesh (level 23, -7/160 HPs)
             Began as an Octopode Wizard on Aug 12, 2018.
             Was an Elder of Yredelemnul.
             Killed from afar by an ancient lich (28 damage)
             ... with a bolt of negative energy
             ... on level 5 of the Realm of Zot on Aug 13, 2018.
             The game lasted 07:10:45 (74047 turns).

Faustar the Sculptor of Flesh (Octopode Wizard)    Turns: 74047, Time: 07:10:45

Health: -7/160     AC:  9    Str:  6      XL:     23   Next: 3%
Magic:  0/48       EV: 19    Int: 29      God:    Yredelemnul [****..]
Gold:   1149       SH: 18    Dex: 18 (19) Spells: 5/46 levels left

rFire    + + .     SeeInvis .   s - staff of wizardry
rCold    . . .     Gourm    .   V - +5 shield {rPois}
rNeg     + . .     Faith    +   a - +2 hat
rPois    +         Spirit   .   H - amulet of faith
rElec    .         Reflect  .   j - +4 ring of evasion
rCorr    +         Harm     .   U - ring "Kauv" {rN+ Int+2}
MR       +....                  R - +6 ring of protection
Stlth    +++++.....             G - ring of protection from fire
HPRegen  0.36/turn              B - ring "Nepieg" {Wiz rPois Dex+5}
MPRegen  0.31/turn              N - ring of magical power
                                S - ring of resist corrosion
                                x - ring of protection from fire

@: drained
A: almost no armour, stealthy swim, amphibious, 8 rings, constrict 8, camouflage
1, blurry vision 1, deterioration 1, frail 1, screaming 1, gelatinous body 1
}: 3/15 runes: barnacled, silver, gossamer
a: Recall Undead Slaves, Injury Mirror, Animate Dead, Drain Life, Renounce
Religion


You were on level 5 of the Realm of Zot.
You worshipped Yredelemnul.
Yredelemnul was greatly pleased with you.
You were not hungry.

You visited 10 branches of the dungeon, and saw 49 of its levels.
You visited the Abyss 1 time.
You also visited: Ossuary.

You collected 5989 gold pieces.
You spent 4840 gold pieces at shops.

Inventory:

Armour
 a - a +2 hat (worn)
 V - a +5 shield of poison resistance (worn)
Magical Staves
 s - an uncursed staff of wizardry (weapon)
Jewellery
 h - an uncursed ring of protection from cold
 j - a +4 ring of evasion (left tentacle)
 x - a ring of protection from fire (on tentacle)
 B - the ring "Nepieg" (on tentacle) {Wiz rPois Dex+5}
   (You found it on level 1 of the Depths)

   [ring of wizardry]

   It improves your spell success rate.
   It affects your dexterity (+5).
   It protects you from poison.
 G - a ring of protection from fire (on tentacle)
 H - an amulet of faith (around mantle)
 N - a ring of magical power (on tentacle)
 R - a +6 ring of protection (on tentacle)
 S - a ring of resist corrosion (on tentacle)
 U - the ring "Kauv" (right tentacle) {rN+ Int+2}
   (You found it on level 1 of the Depths)

   [ring of intelligence]

   It affects your intelligence (+2).
   It protects you from negative energy.
Wands
 g - a wand of iceblast (24)
 o - a wand of polymorph (70)
 C - a wand of paralysis (27)
 D - a wand of flame (101)
 F - a wand of digging (15)
 I - a wand of acid (17)
 W - a wand of disintegration (5)
 Y - a wand of clouds (28)
Scrolls
 b - a scroll of enchant armour
 e - 13 scrolls of teleportation
 f - 8 scrolls of amnesia
 p - 3 scrolls of enchant weapon
 r - 4 scrolls of vulnerability
 u - 2 scrolls of identify
 v - 10 scrolls of fog
 z - 18 scrolls of remove curse
 A - 5 scrolls of fear
 P - 3 scrolls of summoning
 Q - 3 scrolls of blinking
Potions
 d - 18 potions of curing
 i - 4 potions of agility
 k - 3 potions of mutation
 l - 3 potions of resistance
 n - 2 potions of heal wounds
 q - 10 potions of flight
 t - 12 potions of brilliance
 w - 9 potions of haste
 J - 4 potions of cancellation
 K - 3 potions of might
 O - 3 potions of invisibility
 T - 6 potions of ambrosia
Miscellaneous
 E - 2 phantom mirrors
 X - 2 boxes of beasts
Comestibles
 c - 16 rations


   Skills:
 - Level 20.4(19.1) Fighting
 - Level 5.1(4.1) Dodging
 - Level 10.0(8.9) Stealth
 - Level 16.0(14.8) Shields
 - Level 12.0(10.8) Spellcasting
 - Level 5.0(4.1) Conjurations
 - Level 12.0(10.8) Hexes
 - Level 5.0(4.1) Charms
 - Level 9.0(7.9) Summonings
 - Level 4.5(3.6) Necromancy
 - Level 3.1(2.2) Translocations
 - Level 3.0(2.2) Ice Magic
 - Level 7.0(6.0) Air Magic
 - Level 2.1(1.2) Poison Magic
 + Level 21.1(19.7) Invocations
 - Level 7.0(6.0) Evocations


You had 5 spell levels left.
You knew the following spells:

 Your Spells              Type           Power        Failure   Level  Hunger
a - Magic Dart            Conj           ####         1%          1    None
b - Call Imp              Summ           ######..     1%          2    None
c - Summon Ice Beast      Ice/Summ       #####...     1%          4    None
d - Mephitic Cloud        Conj/Pois/Air  #####...     1%          3    None
e - Conjure Flame         Conj/Fire      ####....     1%          3    None
f - Regeneration          Chrm/Necr      #####.....   1%          3    None
g - Summon Mana Viper     Hex/Summ       ######..     1%          5    ###....
h - Confuse               Hex            ######..     1%          3    None
i - Ozocubu's Armour      Chrm/Ice       ####....     1%          3    None
j - Deflect Missiles      Chrm/Air       #####.....   17%         6    #####..
k - Shadow Creatures      Summ           N/A          5%          6    #####..
m - Blink                 Tloc           N/A          1%          2    None

Your spell library contained the following spells:

 Spells                   Type           Power        Failure   Level  Hunger
 Cause Fear               Hex            ######....   1%          4    None
 Fireball                 Conj/Fire      ####......   11%         5    ###....
 Bolt of Fire             Conj/Fire      ####......   47%         6    #####..
 Bolt of Magma            Conj/Fire/Erth ###.......   14%         5    ###....
 Slow                     Hex            ######..     1%          2    None
 Throw Flame              Conj/Fire      ####..       1%          2    None
 Throw Frost              Conj/Ice       ####..       1%          2    None
 Freezing Cloud           Conj/Ice/Air   #####.....   24%         6    #####..
 Ring of Flames           Chrm/Fire      ####......   95%         7    ######.
 Venom Bolt               Conj/Pois      ####......   9%          5    ###....
 Olgreb's Toxic Radiance  Pois           ###.....     5%          4    None
 Teleport Other           Tloc           ####....     1%          3    None
 Summon Small Mammal      Summ           ####         1%          1    None
 Iskenderun's Mystic Bla  Conj           #####...     1%          4    None
 Animate Dead             Necr           N/A          2%          4    None
 Pain                     Necr           ####         1%          1    None
 Animate Skeleton         Necr           N/A          1%          1    None
 Vampiric Draining        Necr           #####.....   1%          3    None
 Freeze                   Ice            ####         1%          1    None
 Sticky Flame             Conj/Fire      ####....     4%          4    None
 Sting                    Conj/Pois      ####         1%          1    None
 Sublimation of Blood     Necr           #####.....   1%          2    None
 Tukima's Dance           Hex            ######..     1%          3    None
 Summon Demon             Summ           ######....   1%          5    ###....
 Iron Shot                Conj/Erth      ####......   47%         6    #####..
 Stone Arrow              Conj/Erth      ####..       1%          3    None
 Swiftness                Chrm/Air       #####...     1%          2    None
 Recall                   Summ/Tloc      N/A          1%          3    None
 Spider Form              Tmut/Pois      ###.......   2%          3    None
 Statue Form              Tmut/Erth      ###......    75%         6    #####..
 Dragon Form              Tmut           ###.......   99%         7    ######.
 Throw Icicle             Conj/Ice       ####....     2%          4    None
 Confusing Touch          Hex            ######       1%          1    None
 Flame Tongue             Conj/Fire      ####.        1%          1    None
 Passwall                 Tmut/Erth      ###.....     1%          2    None
 Ignite Poison            Fire/Tmut/Pois ###.....     2%          3    None
 Call Canine Familiar     Summ           ######..     1%          3    None
 Ensorcelled Hibernation  Hex/Ice        ######       1%          2    None
 Metabolic Englaciation   Hex/Ice        ######....   1%          5    ###....
 Summon Butterflies       Summ           ######..     1%          1    None
 Silence                  Hex/Air        ######....   1%          5    ###....
 Shatter                  Erth           ###.......   100%        9    #######
 Static Discharge         Conj/Air       #####...     1%          3    None
 Corona                   Hex            ######.      1%          1    None
 Alistair's Intoxication  Tmut/Pois      ###.....     19%         5    ###....
 Lee's Rapid Deconstruct  Erth           ###.......   24%         5    ###....
 Sandblast                Erth           ###...       1%          1    None
 Portal Projectile        Hex/Tloc       ######       1%          3    None
 Petrify                  Tmut/Erth      ###.....     10%         4    None
 Passage of Golubria      Tloc           N/A          4%          4    None
 Orb of Destruction       Conj           #####.....   77%         7    ######.
 Leda's Liquefaction      Hex/Erth       #####.....   1%          4    None
 Summon Hydra             Summ           ######....   28%         7    ######.
 Shroud of Golubria       Chrm/Tloc      ####......   1%          2    None
 Inner Flame              Hex/Fire       #####...     1%          3    None
 Aura of Abjuration       Summ           ######....   1%          5    ###....
 Iskenderun's Battlesphe  Conj/Chrm      #####...     5%          5    ###....
 Fulminant Prism          Conj/Hex       ######....   1%          4    None
 Dazzling Spray           Conj/Hex       ######       1%          3    None
 Force Lance              Conj/Tloc      ####....     2%          4    None
 Infusion                 Chrm           ####         1%          1    None
 Song of Slaying          Chrm           #####...     1%          2    None
 Spectral Weapon          Hex/Chrm       ######..     1%          3    None
 Searing Ray              Conj           #####.       1%          2    None
 Discord                  Hex            ######....   52%         8    #######
 Summon Forest            Summ/Tloc      #####.....   3%          5    ###....
 Summon Lightning Spire   Summ/Air       ######..     1%          4    None
 Summon Guardian Golem    Hex/Summ       ######..     1%          3    None
 Dragon's Call            Summ           ######....   100%        9    #######
 Hydra Form               Tmut           ###.......   75%         6    #####..
 Irradiate                Conj/Tmut      ####......   11%         5    ###....
 Gell's Gravitas          Tloc           ####......   1%          3    None
 Yara's Violent Unravell  Hex/Tmut       #####.....   3%          5    ###....
 Lesser Beckoning         Tloc           ####......   1%          3    None
 Poisonous Vapours        Pois/Air       #####.       1%          2    None


Dungeon Overview and Level Annotations

Branches:
Dungeon (15/15)            Temple (0/1) D:4            Lair (6/6) D:10
 Shoals (4/4) Lair:4       Spider (4/4) Lair:4        Slime (1/5) Lair:5
    Orc (2/2) D:11            Elf (2/3) Orc:2        Vaults (5/5) D:13
  Crypt (0/3) Vaults:3     Depths (5/5) D:15            Zot (5/5) Depths:5

Altars:
Cheibriados
Dithmenos
Elyvilon
Fedhas
Gozag
Hepliaklqana
Kikubaaqudgha
Makhleb
Nemelex Xobeh
Okawaru
Ru
Sif Muna
Trog
Uskayaw
Vehumet
Wu Jian
Xom
Yredelemnul
Zin
The Shining One
Beogh
Jiyva

Shops:
D:4 =   D:15 *   Orc:2 [(*:   Shoals:3 }!!?   Vaults:2 :   Depths:2 }

Portals:
Hell: Depths:1 Depths:2 Depths:3 Depths:4 Depths:5
Abyss: Depths:1 Depths:2 Depths:3 Depths:4 Depths:5
Pandemonium: Depths:2 Depths:3
Ziggurat: Depths:5

Annotations:
Lair:3 exclusion: 2 oklob plants
Lair:4 exclusion: oklob plant
Lair:5 exclusion: oklob plant
Lair:6 1 runed door
Elf:2 3 runed doors
Zot:2 exclusion: 4 oklob plants
Zot:3 exclusion: orb of fire
Zot:5 1 exclusion


Innate Abilities, Weirdness & Mutations

You cannot wear most types of armour.
You are very stealthy in the water. (Stealth+)
You are amphibious.
You can wear up to eight rings at the same time.
You can use your tentacles to constrict eight enemies at once.
Your skin changes colour to match your surroundings (Stealth+).
Your rubbery body absorbs attacks. (AC +1, EV +1)
Scrolls take you a little longer to read.
Your body sometimes deteriorates upon taking damage.
You are frail. (-10% HP)
You occasionally shout uncontrollably at your foes.


Message History

Unknown command.
Unknown command.
Your magical effects are unravelling.
You feel magically purged.
You feel yourself slow down.
Your hearing returns.
Your resistance to elements expires.
Casting: Shadow Creatures (safe; 4% risk of failure)
Confirm with . or Enter, or press ? or * to list all spells.
Wisps of shadow whirl around you... You block the wraith's attack.
The phantasmal warrior hits you!!
Send 'em back where they came from!
Your black draconian dissolves into shadows!
Casting: Shadow Creatures (safe; 4% risk of failure)
Confirm with . or Enter, or press ? or * to list all spells.
Wisps of shadow whirl around you... You block the wraith's attack.
The phantasmal warrior hits you!!
* * * LOW HITPOINT WARNING * * *
The ancient lich points at you and mumbles some strange words.
The bolt of negative energy hits you! You partially resist.
You feel drained.
You die...
Your body rises from the dead as a mindless zombie.

,,*
**,,,,,,,,,,,,,,,,,,**
,,**
**,,,,,,,,,,,,,,,,**
,,,*
**,,,,,,,,,,,,,,**
*###▓▓▓
***###**********
#....# ##.### ###...#
##....#
......####....D##
..........#...LL##
....L######...##@###
###### ######WW.### *
#..<..# * #.....# *
###...## ####.## ##.##
##.## ##### ##<#


You could see 2 ancient liches, a phantasmal warrior, a wraith and a friendly
storm dragon.

Vanquished Creatures
  A juggernaut (Depths:3)
  A golden dragon (Vaults:5)
  7 Orb Guardians (Zot:5)
  A titan (Vaults:5)
  A very ugly thing (Depths:3)
  A deep elf death mage (Vaults:5)
  17 vault guards (Vaults:5)
  A centaur warrior (Depths:4)
  A two-headed ogre (Depths:4)
  A hell knight (Depths:5)
  A sea snake (Shoals:3)
  An unseen horror (shapeshifter) (Vaults:5)
  An ironbrand convoker (Vaults:5)
  A phantasmal warrior (Lair:6)
  A harpy (Vaults:3)
  An orb spider (Zot:4)
  2 moths of wrath
  A water nymph (Shoals:3)
  A spiny frog (Lair:2)
  A rime drake (Lair:2)
  A yaktaur (Vaults:3)
  A wandering mushroom (Zot:2)
  A merfolk (shapeshifter) (Vaults:5)
  A hornet (Spider:4)
  3 blink frogs
  A hippogriff (D:8)
  2 flying skulls
  2 tarantellas
  8 redbacks
  4 yaks
  A spiny frog zombie (Lair:6)
  A water moccasin (D:9)
  2 porcupines
  A necrophage (D:6)
  An orc warrior (D:7)
  An ice beast (D:11)
  2 black bears
  3 phantoms
  7 centaurs
  2 ogres
  3 crocodiles
  3 bullfrogs
  A gnoll sergeant (D:5)
  A water moccasin zombie (Lair:6)
  3 killer bees
  5 wights
  A crimson imp (D:12)
  A bullfrog zombie (D:5)
  A howler monkey (D:9)
  2 centaur zombies
  5 orc priests
  3 hounds
  A human zombie (D:8)
  4 jellies
  10 orc wizards
  Crazy Yiuf (D:7)
  A centaur skeleton (D:10)
  A porcupine zombie (Lair:4)
  8 worker ants
  2 killer bee zombies
  A hound zombie (D:7)
  A worker ant zombie (D:6)
  3 gnolls (D:5)
  13 adders
  5 shadow imps
  An ooze (D:4)
  4 orc zombies
  3 adder skeletons
  A worm (D:6)
  A dart slug (D:1)
  6 leopard geckos
  62 orcs
  9 giant cockroaches
  3 hobgoblins
  22 jackals
  4 quokkas
  A ball python (D:3)
  8 bats
  3 frilled lizards
  7 goblins
  9 kobolds
  2 leopard gecko skeletons (D:4)
  An orc skeleton (Spider:2)
  2 quokka skeletons
  10 rats
  A rat zombie (D:4)
  A fulminant prism (D:7)
  A plant (Shoals:4)
330 creatures vanquished.

Vanquished Creatures (collateral kills)
  5 ancient liches
  A juggernaut (Depths:5)
  Sojobo (Depths:3)
  2 curse toes
  11 golden dragons
  A pearl dragon (Depths:5)
  3 bone dragons (Depths:5)
  2 electric golems (Zot:5)
  13 tentacled monstrosities
  A lich (Depths:5)
  An Orb Guardian (Zot:5)
  A titan (Vaults:5)
  2 acid blobs (Slime:1)
  6 quicksilver dragons
  5 sphinxes
  A kraken (Shoals:3)
  4 death cobs
  The ghost of Raral the Markscentaur, an adept CeHu of Okawaru (Shoals:3)
  16 storm dragons
  7 tengu reavers
  8 shadow dragons
  6 draconian monks
  A revenant (Vaults:3)
  3 iron dragons
  10 fire giants
  14 vault wardens
  5 draconian scorchers
  3 draconian knights
  10 frost giants
  2 orc warlords (Orc:2)
  3 deep elf sorcerers
  2 ghost moths (Spider:4)
  The ghost of Repuir the Bludgeoner, a journeyman MiBe of Trog (Elf:1)
  Louise (Elf:2)
  4 deep elf elementalists
  4 emperor scorpions
  A draconian stormcaller (Zot:1)
  4 draconian shifters
  2 spriggan defenders
  9 ironheart preservers
  A reaper (Depths:2)
  An ophan (Depths:5)
  4 draconian annihilators
  21 stone giants
  25 very ugly things
  5 entropy weavers
  A war gargoyle (Vaults:5)
  An apis (Depths:5)
  4 vampire knights
  5 white draconians
  4 deep elf demonologists
  2 deep elf annihilators
  The ghost of Pigeedwa the Cleaver, a journeyman GrBe of Trog (Spider:2)
  10 black draconians
  13 red draconians
  5 purple draconians
  A yellow draconian (Zot:1)
  9 green draconians
  9 spark wasps
  5 merfolk javelineers
  An ettin (shapeshifter) (Depths:1)
  15 ettins
  7 fire dragons
  A deep elf death mage (Depths:4)
  13 merfolk impalers
  18 yaktaur captains
  A spectral frost giant (Depths:4)
  A fire dragon (shapeshifter) (Vaults:5)
  2 deep elf high priests
  10 ice dragons
  10 great orbs of eyes
  5 spriggan air magi
  A monstrous demonspawn (Depths:2)
  11 hydras
  8 vault guards
  Harold (D:8)
  An anaconda (shapeshifter) (Depths:3)
  A merfolk avatar (Shoals:4)
  13 centaur warriors
  A two-headed ogre (shapeshifter) (D:14)
  A death knight (Vaults:5)
  7 rakshasas
  4 satyrs
  29 two-headed ogres
  A death yak (Lair:6)
  6 merfolk aquamancers
  7 alligator snapping turtles
  An anaconda (Lair:6)
  A vampire mage (Depths:4)
  8 tengu warriors
  9 ogre magi
  5 deep troll shamans
  8 dancing weapons
  2 orc high priests (Orc:2)
  10 deep troll earth magi
  17 deep elf knights
  4 spriggan berserkers
  5 iron trolls
  9 hell knights
  3 skeletal warriors (D:11)
  16 sea snakes
  23 deep trolls
  7 glowing orange brains
  5 wizards
  An infernal demonspawn (Depths:2)
  2 unseen horrors
  A shambling mangrove (Zot:2)
  8 deep elf archers
  3 flayed ghosts (Depths:3)
  2 phantasmal warriors
  A lindwurm (shapeshifter) (Depths:3)
  52 deep elf magi
  39 harpies
  17 orb spiders
  2 tengu skeletons (Vaults:2)
  An orb spider (shapeshifter) (Depths:2)
  A wolf spider zombie (D:15)
  A lindwurm (Lair:6)
  4 orc sorcerers
  4 necromancers
  12 ironbrand convokers
  8 orc knights
  13 fauns
  9 cyclopes
  A fire giant zombie (Vaults:2)
  2 mana vipers (shapeshifter)
  3 oklob plants
  A cyclops (shapeshifter) (Depths:4)
  A faun (shapeshifter) (Elf:2)
  25 wolf spiders
  12 manticores
  39 ugly things
  A black mamba (shapeshifter) (Vaults:1)
  2 centaur zombies (D:15)
  2 elephants (shapeshifter)
  A naga mage (D:15)
  23 moths of wrath
  6 water nymphs
  17 black mambas
  2 water nymphs (shapeshifter)
  6 merfolk sirens
  4 gargoyles
  A guardian serpent (shapeshifter) (Vaults:1)
  8 torpor snails
  8 vault sentinels
  13 spiny frogs
  2 guardian serpents
  3 rime drakes
  58 yaktaurs
  An efreet (Zot:1)
  3 komodo dragons
  14 demonic crawlers
  A hellwing (Depths:2)
  8 freezing wraiths
  A rime drake (shapeshifter) (Depths:1)
  A queen bee (Spider:3)
  25 jumping spiders
  2 polar bears (Lair:6)
  4 tengu conjurers
  A troll (shapeshifter) (Vaults:4)
  4 tyrant leeches (Lair:6)
  31 merfolk
  7 trolls
  A hornet (shapeshifter) (Depths:4)
  A meliai (shapeshifter) (Elf:1)
  A queen bee (shapeshifter) (Elf:2)
  A red devil (Depths:2)
  3 meliai (Spider:3)
  7 wind drakes
  33 hornets
  21 blink frogs
  Prince Ribbit (D:8)
  15 dream sheep
  10 hippogriffs
  8 snapping turtles
  30 slime creatures
  A meliai zombie (D:14)
  4 air elementals
  2 shadows
  26 tarantellas
  12 water elementals
  6 spriggans
  16 fire elementals (Zot:1)
  13 wyverns
  54 redbacks
  A tarantella (shapeshifter) (Depths:3)
  49 yaks
  A hungry ghost (D:13)
  3 basilisks
  2 vampire mosquitoes (D:13)
  10 wargs
  2 acid dragons (Vaults:2)
  A soldier ant (D:15)
  24 water moccasins
  8 porcupines
  A floating eye (Depths:5)
  An ice beast (D:12)
  4 sky beasts
  A porcupine (shapeshifter) (Depths:2)
  2 black bears (shapeshifter) (Vaults:3)
  A meliai simulacrum (D:15)
  42 orc warriors
  A phantom (D:14)
  An eye of draining (shapeshifter) (Depths:3)
  2 black bears
  23 ogres
  3 eyes of draining
  2 wolves (Lair:6)
  40 centaurs
  A boggart (Depths:2)
  A boggart (shapeshifter) (Vaults:3)
  14 crocodiles
  A big kobold (D:13)
  16 bullfrogs
  A hornet simulacrum (D:15)
  2 wyvern skeletons
  A human simulacrum (Vaults:2)
  17 killer bees
  13 wights
  3 crimson imps
  3 howler monkeys
  3 bullfrog zombies
  A hound (D:10)
  12 orc priests
  A jelly (D:14)
  5 centaur skeletons (D:12)
  An iron imp (Depths:4)
  Jessica (D:2)
  4 iguanas
  17 orc wizards
  11 worker ants
  5 adders
  A gnoll (D:2)
  2 shadow imps
  2 worms
  A dart slug (D:2)
  A leopard gecko (D:10)
  55 orcs
  A goblin (D:2)
  2 hobgoblins (D:2)
  6 jackals
  8 kobolds
  3 orc skeletons (Spider:2)
  A quokka zombie (D:6)
  2 bushes
  2 crawling corpses (Vaults:5)
  36 fungi
  143 plants
  2 tentacles (Shoals:3)
  4 withered plants (D:14)
2035 creatures vanquished.

Vanquished Creatures (others)
  6 profane servitors
  4 bone dragons
  An eldritch tentacle (Depths:3)
  A spectral human (Zot:1)
  A draconian knight (Zot:4)
  A ghost moth (Spider:4)
  9 ghouls
  A draconian annihilator (Zot:1)
  18 vampire knights
  A purple draconian (Zot:1)
  6 very ugly thing zombies
  4 spectral fire giants
  3 quicksilver dragon zombies (Zot:1)
  2 spectral frost giants
  A spectral stone giant (Depths:3)
  A spectral orc (Spider:1)
  A titan skeleton (Vaults:5)
  10 skeletal warriors
  4 storm dragon zombies
  A spectral elf (Depths:3)
  A deep elf knight (Elf:2)
  A spark wasp zombie (Depths:3)
  3 golden dragon zombies
  A wizard (Vaults:3)
  6 flayed ghosts
  A spectral ettin (Depths:4)
  A shadow dragon zombie (Depths:3)
  16 phantasmal warriors
  2 sphinx zombies
  3 wolf spider zombies
  12 human zombies
  An apis zombie (Depths:5)
  4 draconian zombies (Zot:1)
  A fire giant zombie (Depths:4)
  A shadow dragon skeleton (Vaults:5)
  8 ugly thing zombies
  A stone giant zombie (Vaults:5)
  3 moths of wrath (Zot:5)
  2 green draconian zombies (Zot:4)
  A black draconian zombie (Zot:1)
  A yellow draconian zombie (Zot:1)
  5 red draconian zombies
  A yaktaur (Depths:4)
  A purple draconian zombie (Zot:4)
  13 redback zombies
  An iron troll zombie (Depths:3)
  11 harpy zombies
  A demonic crawler zombie (Spider:1)
  A hydra zombie (Lair:6)
  A harpy skeleton (Shoals:1)
  A hornet (Depths:3)
  3 human skeletons (Vaults:5)
  3 tarantella zombies
  An ice dragon zombie (Vaults:5)
  5 ettin zombies
  6 spriggan zombies
  4 jumping spider zombies
  5 black mamba zombies
  9 flying skulls
  12 vampires
  2 wraiths
  2 tarantellas (Zot:4)
  A yak (Lair:2)
  A tyrant leech zombie (Lair:6)
  16 deep troll zombies
  An orb spider zombie (Spider:4)
  2 spiny frog zombies
  4 two-headed ogre zombies (Depths:1)
  4 blink frog zombies
  A dream sheep zombie (Shoals:4)
  2 hornet zombies
  8 elf zombies
  An elf skeleton (Elf:2)
  A torpor snail zombie (Lair:6)
  2 blink frog skeletons (Lair:6)
  A rime drake zombie (Lair:6)
  A hippogriff zombie (Lair:6)
  11 yaktaur zombies
  2 warg zombies (Orc:2)
  4 wyvern zombies
  A cyclops zombie (Vaults:1)
  11 water moccasin zombies
  4 tengu zombies
  A troll zombie (Orc:2)
  14 yak zombies
  A polar bear zombie (Lair:6)
  2 wights (Lair:2)
  2 bullfrog zombies
  9 centaur zombies
  A bullfrog skeleton (D:10)
  3 porcupine zombies
  An orc wizard (D:8)
  A porcupine skeleton (Lair:2)
  4 killer bee zombies
  2 ogre zombies
  2 crocodile zombies
  2 crocodile skeletons
  A howler monkey zombie (D:9)
  23 orc zombies
  2 orc skeletons
  17 fulminant prisms
  40 fungi
  18 plants
  5 tentacles (Shoals:3)
464 creatures vanquished.

Grand Total: 2829 creatures vanquished

Notes
Turn   | Place    | Note
-------+----------+-------------------------------------------
     0 | D:1      | Faustar the Octopode Wizard began the quest for the Orb.
     0 | D:1      | Reached XP level 1. HP: 11/11 MP: 4/4
   227 | D:1      | Reached XP level 2. HP: 17/17 MP: 3/6
   231 | D:1      | Learned a level 2 spell: Call Imp
   234 | D:1      | Learned a level 2 spell: Blink
  1158 | D:2      | Reached XP level 3. HP: 19/21 MP: 1/7
  2220 | D:2      | Reached XP level 4. HP: 26/27 MP: 1/8
  2763 | D:2      | Found an iron altar of Okawaru.
  2802 | D:2      | Noticed Jessica
  2813 | D:2      | Killed Jessica
  2840 | D:2      | Found a deep blue altar of Sif Muna.
  3031 | D:3      | Learned a level 3 spell: Mephitic Cloud
  3152 | D:3      | Reached XP level 5. HP: 18/31 MP: 1/9
  3622 | D:3      | Noticed an ogre
  3648 | D:3      | Killed an ogre
  4016 | D:3      | Found a hide-covered altar of Uskayaw.
  4016 | D:3      | Found an ornate altar of the Wu Jian Council.
  4331 | D:3      | Reached skill level 1 in Poison Magic
  4331 | D:3      | Reached XP level 6. HP: 36/36 MP: 0/10
  4415 | D:3      | Learned a level 3 spell: Conjure Flame
  4491 | D:4      | Reached skill level 1 in Air Magic
  4585 | D:4      | Found a sand-covered staircase.
  4617 | Ossuary  | Entered an ossuary
  4812 | D:4      | Found a bloodstained altar of Trog.
  4814 | D:4      | Found a shimmering altar of Xom.
  4816 | D:4      | Found a basalt altar of Yredelemnul.
  4824 | D:4      | Became a worshipper of Yredelemnul the Dark
  5211 | D:4      | Found Pump's Jewellery Boutique.
  5321 | D:4      | Found a snail-covered altar of Cheibriados.
  5342 | D:4      | Reached skill level 1 in Shields
  5760 | D:4      | Found a burning altar of Makhleb.
  5824 | D:4      | Reached XP level 7. HP: 41/41 MP: 1/12
  5994 | D:4      | Found a radiant altar of Vehumet.
  6039 | D:4      | Found a staircase to the Ecumenical Temple.
  6554 | D:5      | Entered Level 5 of the Dungeon
  6566 | D:5      | Reached * piety under Yredelemnul
  8641 | D:6      | Found a glowing silver altar of Zin.
  8661 | D:6      | Reached XP level 8. HP: 46/46 MP: 6/15
  8666 | D:6      | Reached skill level 5 in Stealth
  8772 | D:6      | Reached skill level 5 in Spellcasting
  9111 | D:6      | Learned a level 2 spell: Searing Ray
  9116 | D:6      | Learned a level 4 spell: Fulminant Prism
  9679 | D:6      | Reached skill level 1 in Hexes
 10161 | D:6      | Reached skill level 1 in Fighting
 10881 | D:7      | Reached ** piety under Yredelemnul
 11209 | D:7      | Reached XP level 9. HP: 55/55 MP: 8/17
 11332 | D:7      | Found a runed door.
 12477 | D:7      | Noticed Crazy Yiuf
 12484 | D:7      | Killed Crazy Yiuf
 12484 | D:7      | Reached skill level 5 in Conjurations
 12635 | D:8      | Reached skill level 1 in Evocations
 12640 | D:8      | Noticed Harold
 12888 | D:8      | Found a hazy altar of Hepliaklqana.
 13354 | D:8      | Reached *** piety under Yredelemnul
 13912 | D:7      | Reached skill level 5 in Evocations
 14399 | D:8      | Found a shadowy altar of Dithmenos.
 14430 | D:8      | Noticed Prince Ribbit
 14445 | D:8      | Killed Prince Ribbit
 14445 | D:8      | Reached skill level 1 in Invocations
 14587 | D:8      | Reached skill level 2 in Invocations
 14597 | D:8      | Your ally Prince Ribbit died
 14598 | D:8      | Reached skill level 3 in Invocations
 14598 | D:8      | Received a gift from Yredelemnul (2 flying skulls)
 14621 | D:8      | Found a sparkling altar of Nemelex Xobeh.
 14629 | D:8      | Killed Harold
 14629 | D:8      | Reached skill level 5 in Invocations
 14778 | D:8      | Reached XP level 10. HP: 63/63 MP: 13/19
 14951 | D:8      | Noticed a two-headed ogre
 14995 | D:8      | Killed a two-headed ogre
 14995 | D:8      | Reached skill level 6 in Invocations
 15132 | D:8      | Found a sacrificial altar of Ru.
 15399 | D:9      | Found an ancient bone altar of Kikubaaqudgha.
 15425 | D:9      | Identified the cursed +1 dagger of Dismay {drain, Int+3} (You found it on level 9 of the Dungeon)
 15454 | D:9      | Noticed a red ugly thing
 15466 | D:9      | Noticed a two-headed ogre
 15736 | D:5      | Reached skill level 7 in Invocations
 16011 | D:9      | Learned a level 3 spell: Confuse
 16305 | D:9      | Killed a two-headed ogre
 16320 | D:9      | Noticed a two-headed ogre
 16333 | D:9      | Killed a two-headed ogre
 16333 | D:9      | Reached skill level 8 in Invocations
 16342 | D:9      | Killed a red ugly thing
 16708 | D:9      | Reached skill level 9 in Invocations
 16903 | D:10     | Entered Level 10 of the Dungeon
 16943 | D:10     | Noticed a gargoyle
 16944 | D:10     | Received a gift from Yredelemnul (4 flying skulls)
 16969 | D:10     | Killed a gargoyle
 17165 | D:10     | Reached **** piety under Yredelemnul
 17204 | D:10     | Found a staircase to the Lair.
 17214 | Lair:1   | Entered Level 1 of the Lair of Beasts
 17475 | D:10     | Noticed a two-headed ogre
 17486 | D:10     | Killed a two-headed ogre
 17486 | D:10     | Reached XP level 11. HP: 67/67 MP: 15/22
 17984 | Lair:1   | Received a gift from Yredelemnul (a wraith)
 19285 | Lair:2   | Reached skill level 5 in Hexes
 19286 | Lair:2   | Received a gift from Yredelemnul (a wight)
 19611 | Lair:1   | Learned a level 4 spell: Summon Ice Beast
 19888 | Lair:2   | Reached skill level 1 in Ice Magic
 20320 | Lair:2   | Reached ***** piety under Yredelemnul
 21207 | Lair:3   | Noticed a seven-headed hydra
 21594 | D:4      | Bought an uncursed ring of poison resistance for 200 gold pieces
 22117 | Lair:3   | Noticed a six-headed hydra
 22136 | Lair:3   | Killed a six-headed hydra
 22149 | Lair:3   | Killed a seven-headed hydra
 22583 | Lair:2   | Received a gift from Yredelemnul (a wight)
 22755 | Lair:3   | Noticed a four-headed hydra
 23096 | Lair:3   | Killed a four-headed hydra
 23096 | Lair:3   | Reached XP level 12. HP: 72/72 MP: 2/25
 23101 | Lair:3   | Reached skill level 10 in Invocations
 23102 | Lair:3   | Received a gift from Yredelemnul (a wraith)
 23268 | Lair:3   | Noticed a five-headed hydra
 23278 | Lair:3   | Killed a five-headed hydra
 23646 | Lair:4   | Found a staircase to the Shoals.
 24440 | Lair:4   | Found a hole to the Spider Nest.
 24532 | Lair:4   | Received a gift from Yredelemnul (a phantasmal warrior)
 24732 | Lair:4   | Found a blossoming altar of Fedhas.
 24747 | Lair:4   | Reached skill level 5 in Fighting
 25093 | Lair:4   | Learned a level 3 spell: Regeneration
 25233 | Lair:4   | Reached skill level 11 in Invocations
 25253 | Lair:4   | Reached XP level 13. HP: 86/86 MP: 4/26
 25409 | Lair:5   | Reached skill level 12 in Invocations
 25633 | Lair:5   | Received a gift from Yredelemnul (5 flying skulls)
 25908 | Lair:5   | Received a gift from Yredelemnul (a vampire)
 26308 | Lair:5   | Found a viscous altar of Jiyva.
 26308 | Lair:5   | Found a staircase to the Slime Pits.
 26611 | Lair:6   | Entered Level 6 of the Lair of Beasts
 26818 | Lair:6   | Received a gift from Yredelemnul (a phantasmal warrior)
 27016 | Lair:6   | Reached skill level 10 in Fighting
 27030 | Lair:6   | Received a gift from Yredelemnul (a phantasmal warrior)
 27363 | Lair:6   | Received a gift from Yredelemnul (a skeletal warrior)
 27510 | Lair:6   | Reached XP level 14. HP: 99/99 MP: 21/27
 27647 | Lair:6   | Reached ****** piety under Yredelemnul
 27715 | Lair:6   | Found a runed door.
 27801 | Lair:6   | Received a gift from Yredelemnul (a phantasmal warrior)
 27842 | Lair:6   | Received a gift from Yredelemnul (a vampire knight)
 28097 | Lair:6   | Reached skill level 10 in Hexes
 28510 | Lair:6   | Received a gift from Yredelemnul (a vampire)
 29113 | D:11     | Reached skill level 5 in Shields
 29223 | D:11     | Received a gift from Yredelemnul (a vampire)
 29570 | D:11     | Paralysed by an orc for 4 turns
 29775 | D:11     | Found a staircase to the Orcish Mines.
 30054 | D:12     | Received a gift from Yredelemnul (a vampire)
 30137 | D:12     | Reached skill level 5 in Dodging
 30435 | D:12     | Received a gift from Yredelemnul (a vampire)
 31536 | D:13     | Found a gate to the Vaults.
 32273 | D:14     | Found a basalt altar of Yredelemnul.
 32672 | D:14     | Received a gift from Yredelemnul (a vampire)
 32884 | D:14     | Received a gift from Yredelemnul (a ghoul)
 33656 | Orc:1    | Entered Level 1 of the Orcish Mines
 33656 | Orc:1    | Found a roughly hewn altar of Beogh.
 33820 | Orc:2    | Entered Level 2 of the Orcish Mines
 33821 | Orc:2    | Noticed an orc warlord
 33831 | Orc:1    | Identified a scroll of acquirement
 34173 | Orc:1    | Received a gift from Yredelemnul (a ghoul)
 34191 | Orc:1    | Received a gift from Yredelemnul (a skeletal warrior)
 34330 | Orc:2    | Found Viovaeta's Antique Armour Emporium.
 34333 | Orc:2    | Found a staircase to the Elven Halls.
 34716 | Orc:2    | Noticed an orc warlord
 34724 | Orc:2    | Killed an orc warlord
 34726 | Orc:2    | Received a gift from Yredelemnul (a vampire knight)
 34736 | Orc:2    | Found Usmiudau's Antique Weapon Shoppe.
 34959 | Orc:2    | Received a gift from Yredelemnul (a skeletal warrior)
 34991 | Orc:2    | Noticed an orc warlord
 34998 | Orc:2    | Killed an orc warlord
 34998 | Orc:2    | Enslaved an orc warlord
 35005 | Orc:2    | Received a gift from Yredelemnul (a skeletal warrior)
 35009 | Orc:2    | Found Bacynaa's General Store.
 35020 | Orc:2    | Killed an orc warlord
 35236 | Orc:2    | Bought a scroll of teleportation for 54 gold pieces
 35240 | Orc:2    | Found Togohyre's Book Emporium.
 35848 | Spider:1 | Entered Level 1 of the Spider Nest
 36039 | Spider:1 | Reached XP level 15. HP: 101/103 MP: 22/28
 36040 | Spider:1 | Received a gift from Yredelemnul (a bone dragon)
 36046 | Spider:1 | Received a gift from Yredelemnul (a bone dragon)
 36056 | Spider:1 | Received a gift from Yredelemnul (a profane servitor)
 36389 | Spider:1 | Reached skill level 10 in Shields
 36739 | Spider:2 | Received a gift from Yredelemnul (a flayed ghost)
 36924 | Spider:2 | Found a runed gate.
 36924 | Spider:2 | Found a runed gate.
 36925 | Spider:2 | Found a runed gate.
 36931 | Spider:2 | Noticed Pigeedwa's ghost (journeyman GrBe)
 36958 | Spider:2 | Killed Pigeedwa's ghost
 37312 | Spider:2 | Received a gift from Yredelemnul (a vampire knight)
 37375 | Spider:2 | Noticed an emperor scorpion
 37383 | Spider:2 | Killed an emperor scorpion
 37698 | Spider:3 | Received a gift from Yredelemnul (a flayed ghost)
 37828 | Spider:3 | Received a gift from Yredelemnul (a vampire knight)
 38473 | Spider:4 | Entered Level 4 of the Spider Nest
 38520 | Spider:4 | Received a gift from Yredelemnul (a phantasmal warrior)
 38539 | Spider:4 | Received a gift from Yredelemnul (a phantasmal warrior)
 38878 | Spider:4 | Killed a ghost moth
 38894 | Spider:4 | Received a gift from Yredelemnul (a skeletal warrior)
 38898 | Spider:4 | Killed a ghost moth
 38900 | Spider:4 | Noticed an emperor scorpion
 38905 | Spider:4 | Killed an emperor scorpion
 38915 | Spider:4 | Killed a ghost moth
 38924 | Spider:4 | Noticed an emperor scorpion
 38936 | Spider:4 | Killed an emperor scorpion
 38942 | Spider:4 | Killed an emperor scorpion
 39052 | Spider:4 | Received a gift from Yredelemnul (a vampire knight)
 39184 | Spider:4 | Got a gossamer rune of Zot
 39726 | D:4      | Bought a +6 ring of protection for 780 gold pieces
 40021 | Elf:1    | Entered Level 1 of the Elven Halls
 40047 | Elf:1    | Reached XP level 16. HP: 92/104 MP: 22/29
 40136 | Elf:1    | Found a runed door.
 40137 | Elf:1    | Found a shimmering altar of Xom.
 40137 | Elf:1    | Noticed Repuir's ghost (journeyman MiBe)
 40176 | Elf:1    | Received a gift from Yredelemnul (a phantasmal warrior)
 40342 | Elf:1    | Received a gift from Yredelemnul (a vampire knight)
 40675 | Elf:1    | Found a magical portal.
 40774 | Elf:1    | Identified Sif Muna's Grimoire of Creation
 40905 | Elf:1    | Received a gift from Yredelemnul (a ghoul)
 40923 | Elf:1    | Reached skill level 15 in Shields
 41162 | Elf:2    | Noticed Louise
 41173 | Elf:2    | Killed Louise
 41176 | Elf:2    | Received a gift from Yredelemnul (a vampire knight)
 41492 | Elf:2    | Found a huge runed gate.
 41494 | Elf:2    | Found a huge runed gate.
 41497 | Elf:2    | Found a huge runed gate.
 41930 | Slime:1  | Entered Level 1 of the Pits of Slime
 41930 | Slime:1  | Noticed an acid blob
 41930 | Slime:1  | Noticed an acid blob
 41940 | Slime:1  | Killed an acid blob
 41941 | Slime:1  | Killed an acid blob
 41944 | Slime:1  | Noticed an acid blob
 42026 | Shoals:1 | Entered Level 1 of the Shoals
 42074 | Shoals:1 | Received a gift from Yredelemnul (a vampire knight)
 42590 | Shoals:1 | Received a gift from Yredelemnul (a ghoul)
 42749 | Shoals:1 | Received a gift from Yredelemnul (a skeletal warrior)
 43529 | Shoals:3 | Found Wutej's Distillery.
 43561 | Shoals:3 | Bought a potion of heal wounds for 60 gold pieces
 43561 | Shoals:3 | Bought a potion of curing for 36 gold pieces
 43561 | Shoals:3 | Bought a potion of magic for 96 gold pieces
 43561 | Shoals:3 | Bought a potion of heal wounds for 60 gold pieces
 43581 | Shoals:3 | Received a gift from Yredelemnul (a phantasmal warrior)
 43652 | Shoals:3 | Reached XP level 17. HP: 104/114 MP: 30/30
 43723 | Shoals:3 | Received a gift from Yredelemnul (a skeletal warrior)
 43873 | Shoals:3 | Found Puloweu's Magic Scroll Emporium.
 43881 | Shoals:3 | Found Axank's Distillery.
 43911 | Shoals:3 | Noticed Raral's ghost (adept CeHu)
 43913 | Shoals:3 | Found the +7 mace of Variability {chain chaos}
 43919 | Shoals:3 | Found a runed gate.
 43919 | Shoals:3 | Found a runed gate.
 43921 | Shoals:3 | Found a runed gate.
 43943 | Shoals:3 | Found Utsuar's Gadget Shoppe.
 44063 | Shoals:3 | Received a gift from Yredelemnul (a vampire knight)
 44433 | Shoals:3 | Noticed a kraken
 44440 | Shoals:3 | Killed a kraken
 44560 | Shoals:3 | Received a gift from Yredelemnul (a vampire knight)
 44561 | Shoals:3 | Killed Raral's ghost
 44561 | Shoals:3 | Reached skill level 13 in Invocations
 44580 | Shoals:3 | Identified the Papyrus of Execration and Changing
 44736 | Shoals:4 | Entered Level 4 of the Shoals
 45132 | Shoals:4 | Identified Xikhilu's Grimoire of Feathery Confrontation
 45197 | Shoals:4 | Identified Sif Muna's Compendium of the Compass
 45202 | Shoals:4 | Received a gift from Yredelemnul (a vampire)
 45306 | Shoals:4 | Learned a level 3 spell: Ozocubu's Armour
 45345 | Shoals:4 | Received a gift from Yredelemnul (a phantasmal warrior)
 45529 | Shoals:4 | Received a gift from Yredelemnul (a flayed ghost)
 45745 | Shoals:4 | Got a barnacled rune of Zot
 46158 | Vaults:1 | Entered Level 1 of the Vaults
 46364 | Vaults:1 | Received a gift from Yredelemnul (a vampire)
 46538 | Vaults:1 | Reached skill level 14 in Invocations
 46752 | Vaults:1 | Received a gift from Yredelemnul (a vampire knight)
 47615 | Vaults:2 | Received a gift from Yredelemnul (a ghoul)
 47638 | Vaults:2 | Received a gift from Yredelemnul (a phantasmal warrior)
 47752 | Vaults:2 | Received a gift from Yredelemnul (a skeletal warrior)
 47903 | Vaults:2 | Found Ehygeuf's Book Shoppe.
 47951 | Vaults:2 | Received a gift from Yredelemnul (a phantasmal warrior)
 47982 | Vaults:2 | Noticed a sphinx
 47988 | Vaults:2 | Killed a sphinx
 48295 | Vaults:2 | Received a gift from Yredelemnul (a vampire knight)
 48607 | Vaults:2 | Reached XP level 18. HP: 126/126 MP: 31/31
 48740 | Vaults:3 | Received a gift from Yredelemnul (a profane servitor)
 48861 | Vaults:3 | Found a staircase to the Crypt.
 48961 | Vaults:3 | Reached skill level 15 in Invocations
 49150 | Vaults:3 | Received a gift from Yredelemnul (a flayed ghost)
 49299 | Vaults:3 | Reached skill level 15 in Fighting
 50067 | Vaults:4 | Received a gift from Yredelemnul (a phantasmal warrior)
 50484 | Vaults:4 | Reached skill level 16 in Invocations
 50488 | Vaults:4 | Received a gift from Yredelemnul (a phantasmal warrior)
 50755 | D:15     | Entered Level 15 of the Dungeon
 51084 | Orc:2    | Bought a book of Enchantments for 600 gold pieces
 51091 | Orc:2    | Learned a level 6 spell: Deflect Missiles
 51289 | D:15     | Paralysed by an orc sorcerer for 4 turns
 51306 | D:15     | Reached skill level 1 in Charms
 51311 | D:15     | Received a gift from Yredelemnul (a ghoul)
 51433 | D:15     | Found a staircase to the Depths.
 51487 | D:15     | Received a gift from Yredelemnul (a bone dragon)
 51613 | D:15     | Received a gift from Yredelemnul (a vampire knight)
 51638 | D:15     | Found Gozag's Platinum Reserve.
 51650 | D:15     | Found an opulent altar of Gozag.
 51667 | D:15     | Found a sparkling altar of Nemelex Xobeh.
 51871 | Depths:1 | Entered Level 1 of the Depths
 51925 | Depths:1 | Found a one-way gate to the infinite horrors of the Abyss.
 51989 | Depths:1 | Received a gift from Yredelemnul (a skeletal warrior)
 52205 | Depths:1 | Received a gift from Yredelemnul (a vampire knight)
 52246 | Depths:1 | Got a clouded pewter ring
 52247 | Depths:1 | Identified the ring "Kauv" {rN+ Int+2} (You found it on level 1 of the Depths)
 52260 | Depths:1 | Reached skill level 5 in Air Magic
 52290 | Depths:1 | Received a gift from Yredelemnul (a ghoul)
 52416 | Depths:1 | Found a gateway to Hell.
 52484 | Depths:1 | Reached skill level 5 in Charms
 52506 | Depths:1 | Reached XP level 19. HP: 129/134 MP: 32/32
 52523 | Depths:1 | Identified the ring "Nepieg" {Wiz rPois Dex+5} (You found it on level 1 of the Depths)
 52883 | Depths:2 | Found a snail-covered altar of Cheibriados.
 52975 | Depths:2 | Got a warped emerald amulet
 53026 | Depths:2 | Found a one-way gate leading to the halls of Pandemonium.
 53081 | Depths:2 | Identified the amulet "Focrirei" {Reflect *Corrode Int+8 Dex+3 SH+3 Stlth+} (You found it on level 2 of the Depths)
 53185 | Depths:2 | Found Yrupros's Gadget Boutique.
 53197 | Depths:2 | Received a gift from Yredelemnul (a phantasmal warrior)
 53339 | Depths:2 | Noticed a tentacled monstrosity
 53347 | Depths:2 | Received a gift from Yredelemnul (a flayed ghost)
 53350 | Depths:2 | Killed a tentacled monstrosity
 53369 | Depths:2 | Received a gift from Yredelemnul (a vampire knight)
 53551 | Depths:2 | Found the +11 plutonium sword {*Contam Stlth-}
 53802 | Depths:3 | Received a gift from Yredelemnul (a ghoul)
 53911 | Depths:3 | Received a gift from Yredelemnul (a profane servitor)
 54093 | Depths:3 | Received a gift from Yredelemnul (a phantasmal warrior)
 54094 | Depths:3 | Reached skill level 17 in Invocations
 54450 | Depths:3 | Reached skill level 10 in Spellcasting
 54484 | Depths:3 | Received a gift from Yredelemnul (a phantasmal warrior)
 54633 | Depths:3 | Noticed Sojobo
 54646 | Depths:3 | Killed Sojobo
 54650 | Depths:3 | Noticed a golden dragon
 54658 | Depths:3 | Noticed a golden dragon
 54658 | Depths:3 | Noticed a juggernaut
 54658 | Depths:3 | Killed a golden dragon
 54669 | Depths:3 | Killed a juggernaut
 54678 | Depths:3 | Killed a golden dragon
 54693 | Depths:3 | Received a gift from Yredelemnul (a skeletal warrior)
 54695 | Depths:3 | Your ally Sojobo died
 54695 | Depths:3 | Reached XP level 20. HP: 142/142 MP: 35/35
 55059 | Depths:3 | Learned a level 6 spell: Shadow Creatures
 55497 | Vaults:2 | Bought a book of Beasts for 825 gold pieces
 55503 | Vaults:2 | Learned a level 5 spell: Summon Mana Viper
 55731 | Depths:3 | Noticed a golden dragon
 56220 | Depths:4 | Reached skill level 5 in Summonings
 56966 | Depths:4 | Received a gift from Yredelemnul (a bone dragon)
 57748 | Depths:4 | Received a gift from Yredelemnul (a flayed ghost)
 57863 | Depths:4 | Got a serpentine silver ring
 57864 | Depths:4 | Identified the ring of Puucass {*Tele Dex+2} (You found it on level 4 of the Depths)
 58591 | Depths:3 | Identified Sif Muna's Volume of Lucky Poison
 58618 | Depths:5 | Entered Level 5 of the Depths
 58625 | Depths:5 | Found a gateway to a ziggurat.
 59413 | Vaults:5 | Entered Level 5 of the Vaults
 59420 | Vaults:5 | Noticed a golden dragon
 59424 | Vaults:5 | Received a gift from Yredelemnul (a profane servitor)
 59424 | Vaults:5 | Received a gift from Yredelemnul (a profane servitor)
 59424 | Vaults:5 | Received a gift from Yredelemnul (a ghoul)
 59424 | Vaults:5 | Received a gift from Yredelemnul (a profane servitor)
 59573 | Vaults:5 | Killed a golden dragon
 59805 | Vaults:5 | Reached skill level 10 in Stealth
 60101 | Vaults:5 | Found the +7 captain's cutlass {speed, disarm}
 60127 | Vaults:5 | Got a silver rune of Zot
 60133 | Vaults:5 | Reached XP level 21. HP: 153/153 MP: 34/37
 60168 | Vaults:5 | Identified Biffilia's Handbook of Cankerous Protection
 60455 | Vaults:5 | Noticed an ancient lich
 60472 | Vaults:5 | Killed an ancient lich
 60496 | Vaults:5 | Noticed a golden dragon
 60507 | Vaults:5 | Killed a golden dragon
 60765 | Vaults:5 | Received a gift from Yredelemnul (a vampire)
 61241 | Vaults:5 | Got a faintly glowing steel ring
 61258 | Vaults:5 | Identified the ring of Idiwkera {+Blink AC+1} (You found it on level 5 of the Vaults)
 61367 | Vaults:5 | Received a gift from Yredelemnul (a vampire knight)
 61540 | Vaults:5 | Noticed a golden dragon
 61551 | Vaults:5 | Killed a golden dragon
 61638 | Vaults:5 | Noticed a golden dragon
 61642 | Vaults:5 | Killed a golden dragon
 61902 | Vaults:5 | Identified the ring "Zytwew" {Ice Str+3} (You found it on level 5 of the Vaults)
 62386 | Depths:3 | Killed a golden dragon
 62606 | Depths:5 | Received a gift from Yredelemnul (a vampire)
 62799 | Depths:5 | Paralysed by a floating eye for 3 turns
 62822 | Depths:5 | Noticed a juggernaut
 62829 | Depths:5 | Killed a juggernaut
 63373 | Depths:5 | Noticed Margery
 63381 | Depths:5 | Killed Margery
 63381 | Depths:5 | Enslaved Margery
 63391 | Depths:5 | Noticed a pearl dragon
 63398 | Depths:5 | Killed a pearl dragon
 63485 | Depths:5 | Found a glowing golden altar of the Shining One.
 63487 | Depths:5 | Found a white marble altar of Elyvilon.
 63488 | Depths:5 | Found a glowing silver altar of Zin.
 63695 | Depths:5 | Received a gift from Yredelemnul (a flayed ghost)
 64288 | Depths:5 | Found a gate to the Realm of Zot.
 64288 | Depths:5 | Noticed a bone dragon
 64288 | Depths:5 | Noticed a bone dragon
 64422 | Depths:5 | Noticed a bone dragon
 64434 | Depths:5 | Killed a bone dragon
 64448 | Depths:5 | Killed a bone dragon
 64460 | Depths:5 | Killed a bone dragon
 64721 | Zot:1    | Entered Level 1 of the Realm of Zot
 64869 | Zot:1    | Received a gift from Yredelemnul (a vampire)
 65482 | Zot:1    | Noticed a golden dragon
 65489 | Zot:1    | Killed a golden dragon
 65855 | Zot:1    | Noticed a golden dragon
 65920 | Zot:1    | Killed a golden dragon
 66053 | Zot:1    | Your ally Margery died
 66441 | Zot:1    | Reached XP level 22. HP: 144/172 MP: 38/38
 66447 | Zot:1    | Received a gift from Yredelemnul (a vampire knight)
 67431 | Zot:2    | Reached skill level 18 in Invocations
 67583 | Zot:2    | Noticed a curse toe
 67589 | Zot:2    | Killed a curse toe
 68603 | Zot:3    | Received a gift from Yredelemnul (a phantasmal warrior)
 69487 | Zot:3    | Reached skill level 19 in Invocations
 69683 | Zot:3    | Gained mutation: You are frail. (-10% HP) [a Zot trap]
 69854 | Zot:3    | Noticed an orb of fire
 69937 | Zot:4    | Received a gift from Yredelemnul (a vampire)
 70018 | Zot:5    | Entered Level 5 of the Realm of Zot
 70034 | Zot:5    | Noticed a golden dragon
 70041 | Zot:5    | Killed a golden dragon
 70547 | Shoals:3 | Bought a potion of haste for 140 gold pieces
 70547 | Shoals:3 | Bought a potion of flight for 42 gold pieces
 70547 | Shoals:3 | Bought a potion of haste for 140 gold pieces
 70547 | Shoals:3 | Bought a potion of cancellation for 112 gold pieces
 70547 | Shoals:3 | Bought a potion of resistance for 140 gold pieces
 70547 | Shoals:3 | Bought 2 potions of cancellation for 224 gold pieces
 70572 | Shoals:3 | Bought a wand of polymorph (17) for 247 gold pieces
 70572 | Shoals:3 | Bought a wand of digging (16) for 520 gold pieces
 70572 | Shoals:3 | Bought a wand of acid (14) for 468 gold pieces
 70610 | Shoals:3 | Bought a potion of mutation for 96 gold pieces
 70966 | Elf:1    | Killed Repuir's ghost
 71961 | Zot:5    | Noticed a curse toe
 71966 | Zot:5    | Killed a curse toe
 72346 | Zot:5    | Noticed an ancient lich
 72355 | Zot:5    | Killed an ancient lich
 72370 | Zot:5    | Noticed an ancient lich
 72371 | Zot:5    | Noticed an ancient lich
 72374 | Zot:5    | Received a gift from Yredelemnul (a vampire knight)
 72381 | Zot:5    | Killed an ancient lich
 72382 | Zot:5    | Reached skill level 20 in Invocations
 72398 | Zot:5    | Killed an ancient lich
 72622 | Zot:5    | Noticed a golden dragon
 72636 | Zot:5    | Killed a golden dragon
 72638 | Zot:5    | Noticed a curse toe
 72644 | Zot:5    | Noticed an ancient lich
 72644 | Zot:5    | Noticed an ancient lich
 72645 | Zot:5    | HP: 7/154 [wandering mushroom[a curse toe] (20)]
 72657 | Zot:5    | Noticed an orb of fire
 72658 | Zot:5    | HP: 1/154 [orb of fire/fireball (22)]
 72668 | Zot:5    | Gained mutation: You occasionally shout uncontrollably at your foes. [an orb of fire]
 72668 | Zot:5    | Noticed a Killer Klown
 72670 | Zot:5    | Gained mutation: Scrolls take you a little longer to read. [an orb of fire]
 72674 | Zot:5    | Gained mutation: Your body sometimes deteriorates upon taking damage. [an orb of fire]
 73569 | Zot:4    | Noticed a golden dragon
 73581 | Zot:4    | Killed a golden dragon
 73661 | Zot:4    | Reached skill level 21 in Invocations
 73661 | Zot:4    | Reached XP level 23. HP: 62/160 MP: 11/39
 73997 | Zot:5    | Cast into level 5 of the Abyss (an ancient lich)
 73997 | Abyss:5  | Entered Level 5 of the Abyss
 74009 | Zot:5    | Escaped the Abyss
 74009 | Zot:5    | Noticed an ancient lich
 74013 | Zot:5    | Noticed an ancient lich
 74029 | Zot:5    | Killed an ancient lich
 74047 | Zot:5    | Killed from afar by an ancient lich

Skill      XL: |  1  2  3  4  5  6  7  8  9 10 11 12 13 14 15 16 17 18 19 20 21 22 |
---------------+-------------------------------------------------------------------+-----
Conjurations   | 2 3 4 5 |  5.0
Summonings     | 2 3 4 9 |  9.0
Translocations | 2 3 |  3.1
Poison Magic   | 1 2 |  2.1
Air Magic      | 1 2 5 7 |  7.0
Shields        | 2 3 4 8 13 16 | 16.0
Spellcasting   | 4 5 6 7 9 11 12 | 12.0
Stealth        | 4 7 10 | 10.0
Hexes          | 1 4 7 8 10 12 | 12.0
Fighting       | 2 3 7 10 11 14 15 16 20 | 20.4
Evocations     | 5 7 |  7.0
Invocations    | 5 9 11 12 14 16 17 21 | 21.1
Ice Magic      | 3 |  3.0
Necromancy     | 4 |  4.5
Dodging        | 5 |  5.1
Charms         | 5 |  5.0

Action                   |  1- 3 |  4- 6 |  7- 9 | 10-12 | 13-15 | 16-18 | 19-21 | 22-24 || total
-------------------------+-------+-------+-------+-------+-------+-------+-------+-------++-------
Melee: Unarmed           |    15 |       |       |       |       |       |       |       ||    15
       Constrict         |     6 |     6 |    24 |    12 |    40 |    10 |    11 |    10 ||   119
       Tentacles         |     3 |     1 |    11 |    15 |    32 |     4 |    17 |     5 ||    88
       Whip              |       |    28 |       |       |       |       |       |       ||    28
       Staff             |       |     1 |    85 |    78 |   126 |    18 |    44 |    19 ||   371
 Cast: Magic Dart        |    82 |   131 |   325 |   117 |    80 |    16 |     5 |       ||   756
       Call Imp          |     6 |    21 |    45 |     7 |       |       |       |       ||    79
       Mephitic Cloud    |       |    13 |    52 |    61 |   104 |    10 |     8 |       ||   248
       Conjure Flame     |       |     3 |    13 |     4 |       |       |       |       ||    20
       Fulminant Prism   |       |       |    16 |     2 |       |       |       |       ||    18
       Searing Ray       |       |       |     3 |     2 |       |       |       |       ||     5
       Blink             |       |       |     1 |     2 |       |       |     5 |     3 ||    11
       Confuse           |       |       |       |    62 |    76 |    11 |    35 |       ||   184
       Summon Ice Beast  |       |       |       |    55 |    28 |     1 |       |       ||    84
       Regeneration      |       |       |       |       |     2 |       |       |       ||     2
       Ozocubu's Armour  |       |       |       |       |       |     1 |       |       ||     1
       Deflect Missiles  |       |       |       |       |       |       |     5 |       ||     5
       Shadow Creatures  |       |       |       |       |       |       |   152 |   103 ||   255
       Summon Mana Viper |       |       |       |       |       |       |    12 |     6 ||    18
Invok: Animate Dead      |       |       |     9 |    54 |    98 |    90 |    73 |    15 ||   339
       Recall Undead Sla |       |       |       |    27 |    81 |   161 |   134 |    31 ||   434
       Drain Life        |       |       |       |       |     3 |     5 |    19 |     8 ||    35
       Injury Mirror     |       |       |       |       |     2 |       |     1 |     1 ||     4
       Enslave Soul      |       |       |       |       |     1 |     3 |    12 |       ||    16
       Stop Recall       |       |       |       |       |       |     4 |     3 |       ||     7
Evoke: Wand              |       |       |     2 |    11 |     2 |       |    48 |    49 ||   112
       Phantom mirror    |       |       |       |       |       |       |       |     2 ||     2
  Use: Scroll            |       |       |    17 |     9 |    14 |     7 |    19 |    13 ||    79
       Potion            |       |       |     5 |     2 |     1 |       |     6 |    23 ||    37
 Stab: Sleeping          |     1 |       |     1 |     2 |       |       |     2 |     1 ||     7
       Confused          |       |     1 |     2 |     6 |     8 |     1 |       |       ||    18
       Distracted        |       |       |     1 |       |     3 |       |     3 |     3 ||    10
       Paralysed         |       |       |       |     9 |     2 |       |     4 |       ||    15
       Betrayed ally     |       |       |       |       |       |       |     1 |     1 ||     2
  Eat: Chunk             |     4 |    13 |    33 |    22 |    57 |    54 |    26 |     5 ||   214
       Ration            |       |       |     1 |     7 |     6 |     4 |    26 |    14 ||    58
Armor: Skin              |     2 |     4 |    15 |     5 |     7 |    12 |    14 |    11 ||    70
Dodge: Dodged            |    18 |    40 |   135 |    91 |   130 |    68 |    90 |    77 ||   649
       Deflected         |       |       |       |       |       |       |    23 |       ||    23
Block: Buckler           |       |       |    35 |    30 |    36 |       |       |       ||   101
       Shield            |       |       |       |       |    24 |    72 |   116 |    80 ||   292
